 Dungeon Crawl Stone Soup version 0.31-a0-236-g9a0961fb85 (webtiles) character file.

Game seed: 292285153619753420

152 qw the Shooter (level 5, 0/30 HPs)
             Began as a Gargoyle Hexslinger on July 10, 2023.
             Killed from afar by an orc wizard (9 damage)
             ... with a magic dart
             ... on level 4 of the Dungeon.
             The game lasted 00:00:57 (1998 turns).

qw the Shooter (Gargoyle Hexslinger)                Turns: 1998, Time: 00:00:57

Health: 0/30       AC: 13    Str: 21      XL:     5   Next: 34%
Magic:  6/6        EV: 11    Int: 11 (13) God:
Gold:   207        SH:  0    Dex: 10 (13) Spells: 5/6 levels left

rFire   . . .        Y - +1 sling (flame)
rCold   . . .        (no shield)
rNeg    + . .        l - +0 ring mail
rPois   inf          (helmet restricted)
rElec   +            (no cloak)
rCorr   .            (no gloves)
SInv    .            (no boots)
Will    .....        (no amulet) Stlth
                     g - +4 ring of protection
HPRegen 0.25/turn    h - +6 ring of strength
MPRegen 0.10/turn

%: no passive effects
@: no status effects
A: sickness immunity, AC +4, negative energy resistance 1, electricity
resistance, torment resistance 1, petrification resistance, fangs 1, horns 2,
strong 1
a: no special abilities


You were on level 4 of the Dungeon.
You visited 1 branch of the dungeon, and saw 4 of its levels.

You collected 207 gold pieces.


Innate Abilities, Weirdness & Mutations

You are immune to sickness and miasma.
Your stone body is resilient. (AC +4)
You are immune to poison.
You resist negative energy. (rN+)
You are resistant to electric shocks. (rElec)
You are resistant to unholy torment.
You are immune to petrification.
You have very sharp teeth.
You have a pair of horns on your head.
Your muscles are strong. (Str +4, Int/Dex -1)


   Skills:
 + Level 2.0 Fighting
 - Level 5.0 Ranged Weapons
 - Level 1.0 Armour
 - Level 1.5 Dodging
 - Level 1.0 Spellcasting
 - Level 2.6 Hexes


You had 5 spell levels left.
You knew the following spells:

 Your Spells              Type           Power      Damage    Failure   Level
a - Slow                  Hex            24%        N/A       19%         1

Your spell library contained the following spells:

 Spells                   Type           Power      Damage    Failure   Level
 Inner Flame              Hex/Fire       3%         N/A       67%         3
 Portal Projectile        Hex/Tloc       6%         N/A       67%         3
 Cause Fear               Hex            3%         N/A       87%         4

Inventory:

Hand Weapons
 Y - a +1 sling of flaming (weapon)
Armour
 l - a +0 ring mail (worn)
 n - a +2 robe of positive energy
Jewellery
 g - a +4 ring of protection (left hand)
 h - a +6 ring of strength (right hand)
 i - a ring of ice
 m - a +4 ring of slaying {mikee}
Scrolls
 b - a scroll of identify
 c - 3 scrolls of teleportation
 k - a scroll of butterflies {unknown}
 o - a scroll of acquirement {unknown}
Potions
 a - a potion of might
 d - 2 potions of brilliance {unknown}
 e - a potion of curing {unknown}
 f - a potion of heal wounds {unknown}
 j - a potion of magic {unknown}

Dungeon Overview and Level Annotations

Branches:
Dungeon (4/15)
 Temple: D:4-7

Altars:
Ru

Shops:
D:2 [


Message History

Enter note:
Enter note:
Enter note:
Enter note: You shoot a sling bullet.
The sling bullet hits the orc but does no damage.
The orc zaps a wand.
The bolt of dispelling energy misses you.
You shoot a sling bullet.
The sling bullet hits the orc but does no damage.
The orc throws a boomerang.
The boomerang barely misses you.
You shoot a sling bullet. The sling bullet hits the orc.
The sling bullet burns the orc.
The orc is heavily wounded.
An orc wizard comes into view. It is wielding a +0 dagger.
The orc zaps a wand.
The bolt of dispelling energy hits you.
You shoot a sling bullet.
The sling bullet closely misses the orc.
The orc wizard shouts!
The orc wizard points at you and mumbles some strange words.
You are confused.
The orc zaps a wand.
The bolt of dispelling energy hits you!
Your magical effects are unravelling.
Ouch! That really hurt!
You feel less confused.
The orc wizard mumbles some strange words.
The orc wizard flickers and vanishes!
Deactivating autopickup; reactivate with Ctrl-A.
You shoot a sling bullet.
The sling bullet hits the orc but does no damage.
The orc is heavily wounded.
A puff of flame appears from out of thin air!
The puff of flame hits you but does no damage.
You shoot a sling bullet.
The sling bullet hits the orc but does no damage.
The orc is heavily wounded.
The orc hits you but does no damage.
A magic dart appears from out of thin air!
The magic dart hits you!
You die...

#####.........## #.......# #.#
#.#..#.#....)## #.......###.###
#.#..#....#.## #.#..##.##...#.
.........%..# #.#.......#....
#.#.(###..#### #.#..##.#..#.#.
..#..###..##.## ###.{.....#.#.##.
###.......#.#.###.........#.####.
# ########.###.##.#<#..##.#.# #.
#.## ##.@o........#.#####
##.###.##.#............#
##.#.###.....##.#####.#
##.######.#..#.# #.#
#.....##.##.# # #.# #...#.##..
... #.## #.#.#.##......# #...
#.#...# #... .# ###. #.##..# #.


You could see an orc.

Vanquished Creatures
  A hound (D:4)
  An iguana (D:3)
  3 adders
  2 worms
  4 dart slugs
  An orc (D:4)
  10 endoplasms
  A giant cockroach (D:1)
  5 hobgoblins
  4 kobolds
  2 quokkas
  4 ball pythons
  3 bats
  4 frilled lizards
  4 goblins
  6 rats
55 creatures vanquished.

Notes
Turn   | Place    | Note
-------+----------+-------------------------------------------
     0 | D:1      | qw the Gargoyle Hexslinger began the quest for the Orb.
     0 | D:1      | Reached XP level 1. HP: 12/12 MP: 2/2
     0 | D:1      | 0 ||| qw: Version: 0.3-a-51-g015441d
     0 | D:1      | 0 ||| qw: Game counter: 4502
     0 | D:1      | 0 ||| qw: Melee chars always use a shield: true
     0 | D:1      | 0 ||| qw: God list: Okawaru
     0 | D:1      | 0 ||| qw: Allow faded altars: false
     0 | D:1      | 0 ||| qw: Do Orc after clearing Dungeon:15 true
     0 | D:1      | 0 ||| qw: Do second Lair branch before Depths: true
     0 | D:1      | 0 ||| qw: Lair rune preference: random
     0 | D:1      | 0 ||| qw: Goals: Normal
     0 | D:1      | 0 ||| PLANNING D:1-11
   105 | D:1      | Reached XP level 2. HP: 16/16 MP: 3/3
   159 | D:1      | Reached skill level 3 in Ranged Weapons
   393 | D:1      | Reached XP level 3. HP: 19/21 MP: 4/4
   429 | D:1      | 429 ||| DROPPING amulet of magic regeneration.
   430 | D:1      | 430 ||| UPGRADING to +4 ring of protection.
   431 | D:1      | 431 ||| READING scroll labelled OSIOCAM QUUFEE.
   432 | D:1      | 432 ||| READING scroll labelled CAPROM SAOPU.
   533 | D:1      | 533 ||| READING scroll labelled VOUREX BAEWN.
   538 | D:1      | 538 ||| READING scroll labelled HIN SENTIDAH.
   539 | D:1      | 539 ||| DROPPING scroll of poison.
   823 | D:2      | Found Taed's Antique Armour Shoppe.
   842 | D:2      | 842 ||| SHOPLISTING faintly glowing robe (142 gold, have
                  | 48).
   842 | D:2      | 842 ||| SHOPLISTING pair of boots (112 gold, have 48).
  1124 | D:2      | 1124 ||| UPGRADING to +0 leather armour.
  1134 | D:2      | 1134 ||| DROPPING +0 robe.
  1135 | D:2      | 1135 ||| UPGRADING to +0 ring mail.
  1145 | D:2      | 1145 ||| DROPPING +0 leather armour.
  1146 | D:2      | 1146 ||| READING scroll labelled ITUAME NADDUWIPUAG.
  1147 | D:2      | 1147 ||| READING scroll labelled WIQAACEINY.
  1148 | D:2      | 1148 ||| READING scroll labelled QUQOSO UXEAKLU.
  1149 | D:2      | 1149 ||| READING scroll labelled GUXKEAH LIBAT.
  1150 | D:2      | 1150 ||| READING scroll labelled TOMPOSSIAC.
  1151 | D:2      | 1151 ||| READING scroll labelled XUCKECHAUT.
  1202 | D:3      | Reached skill level 4 in Ranged Weapons
  1202 | D:3      | Reached XP level 4. HP: 9/26 MP: 5/5
  1379 | D:3      | Reached skill level 1 in Armour
  1663 | D:3      | 1663 ||| UPGRADING to +6 ring of strength.
  1664 | D:3      | 1664 ||| DRINKING 2 silvery potions.
  1665 | D:3      | 1665 ||| DRINKING 2 cyan potions.
  1666 | D:3      | 1666 ||| DRINKING 2 sedimented red potions.
  1666 | D:3      | Gained mutation: You are frail. (-10% HP) [potion of
                  | mutation]
  1666 | D:3      | Gained mutation: Your body sometimes deteriorates upon
                  | taking damage. [potion of mutation]
  1667 | D:3      | 1667 ||| DRINKING potion of mutation.
  1667 | D:3      | Lost mutation: Your body sometimes deteriorates upon taking
                  | damage. [potion of mutation]
  1667 | D:3      | Lost mutation: You are frail. (-10% HP) [potion of
                  | mutation]
  1667 | D:3      | Gained mutation: You have a pair of small horns on your
                  | head. [potion of mutation]
  1667 | D:3      | Gained mutation: You have very sharp teeth. [potion of
                  | mutation]
  1667 | D:3      | Gained mutation: You have a pair of horns on your head.
                  | [potion of mutation]
  1667 | D:3      | Gained mutation: Your muscles are strong. (Str +4, Int/Dex
                  | -1) [potion of mutation]
  1676 | D:3      | 1676 ||| DROPPING potion of degeneration.
  1728 | D:4      | Reached XP level 5. HP: 30/30 MP: 6/6
  1738 | D:4      | Found a sacrificial altar of Ru.
  1857 | D:4      | Reached skill level 5 in Ranged Weapons
  1998 | D:4      | Killed from afar by an orc wizard

Levels and vault maps discovered:
D:1:      onia_arrival_pyramid, layout_rooms, minivault_4
D:2:      layout_basic, serial_shops, shop
D:3:      layout_rooms
D:4:      layout_loops_cross, hangedman_ru_absence, jmf_multi_god_temple

Skill      XL: |  1  2  3  4  5 |
---------------+----------------+-----
Ranged Weapons | 3 4 5 |  5.0
Fighting       | 2 |  2.0
Armour         | 1 |  1.0
Dodging        | |  1.5
Spellcasting   | |  1.0
Hexes          | |  2.6

Action                     |  1- 3 |  4- 6 || total
---------------------------+-------+-------++-------
   Fire: Sling             |   131 |    59 ||   190
    Use: Scroll            |    10 |       ||    10
         Potion            |       |     4 ||     4
 Armour: Robe              |    14 |       ||    14
         Ring mail         |     9 |    14 ||    23
  Dodge: Dodged            |    29 |    11 ||    40

Table legend:
 A = Non-vault XP
 B = Vault XP
 C = Vault XP percentage of total XP
 D = Non-vault monster count
 E = Vault monster count
 F = Vault count percentage of total count
                 A         B        C        D         E       F
            +---------+---------+-------+---------+---------+-------
      Total |     218 |       0 |   0.0 |      55 |       0 |   0.0
            +---------+---------+-------+---------+---------+-------
        D:1 |      35 |       0 |   0.0 |      21 |       0 |   0.0
        D:2 |      39 |       0 |   0.0 |      14 |       0 |   0.0
        D:3 |      69 |       0 |   0.0 |      12 |       0 |   0.0
        D:4 |      75 |       0 |   0.0 |       8 |       0 |   0.0
            +---------+---------+-------+---------+---------+-------
